 Dungeon Crawl Stone Soup version 0.27-a0-29-g2d0a2396b0 (webtiles) character file.

Game seed: 3220570402676561268

13 zxpr0jk the Skirmisher (level 2, -2/24 HPs)
             Began as a Demonspawn Chaos Knight on Jan 4, 2021.
             Was a Plaything of Xom.
             Slain by a gnoll
             ... wielding a cursed -2 flail
              (13 damage)
             ... on level 1 of the Dungeon.
             The game lasted 00:01:13 (142 turns).

zxpr0jk the Skirmisher (Demonspawn Chaos Knight)     Turns: 142, Time: 00:01:13

Health: -2/24      AC:  5    Str: 12    XL:     2   Next: 24%
Magic:  2/2        EV: 11    Int: 13    God:    Xom [..*...]
Gold:   4          SH:  0    Dex: 12    Spells: 1/1 levels left

rFire    . . .     SeeInvis .   a - +0 hand axe (chaos)
rCold    . . .     Faith    .   (no shield)
rNeg     . . .     Spirit   .   b - +2 leather armour
rPois    .         Reflect  .   (no helmet)
rElec    .         Harm     .   (no cloak)
rCorr    .         Rampage  .   (no gloves)
Will     .....                  (no boots)
Stlth    +.........             (no amulet)
HPRegen  0.08/turn              (no ring)
MPRegen  0.08/turn              (no ring)

@: brilliant
A: miasma immunity
a: Renounce Religion


You were on level 1 of the Dungeon.
You worshipped Xom.
You were a toy of Xom.
You visited 1 branch of the dungeon, and saw 1 of its levels.

You collected 4 gold pieces.

Inventory:

Hand Weapons
 a - a +0 hand axe of chaos (weapon)
Armour
 b - a +2 leather armour (worn)
Jewellery
 c - an uncursed ring of stealth {unknown}


   Skills:
 + Level 3.2 Fighting
 * Level 3.2 Axes
 - Level 1.7 Armour
 - Level 0.8 Dodging


You had one spell level left.
You didn't know any spells.
Your spell library was empty.

Dungeon Overview and Level Annotations

Branches:
Dungeon (1/15)

Altars:


Innate Abilities, Weirdness & Mutations

You are immune to miasma.


Message History

It was a potion of magic.
Magic courses through your body. The goblin hits you but does no damage.
As you read the scroll labelled FAQAFFIEKK, it crumbles to dust.
You feel blessed for a moment.
It was a scroll of remove curse.
The goblin hits you.
You miss the goblin. The goblin barely misses you.
You hit the goblin.
The goblin is poisoned.
The goblin is heavily wounded.
The goblin closely misses you.
You kill the goblin!
Xom smiles on you.
You feel clever all of a sudden.
You hit the gnoll.
The gnoll is lightly wounded.
The gnoll closely misses you.
You hit the gnoll but do no damage.
The gnoll seems to grow stronger.
The gnoll is lightly wounded.
The gnoll hits you with a cursed -2 flail!
Ouch! That really hurt!
You die...

##### #.#.# #.#.#
#.#.##################
###†...........g@.......
............############
#......####).....#
#...........†....#
.................#
.................#
........###......#
....#...# #......#
........# #......#


You could see a gnoll (strong).

Vanquished Creatures
  2 giant cockroaches (D:1)
  3 goblins (D:1)
  3 hobgoblins (D:1)
  A frilled lizard (D:1)
  2 kobolds (D:1)
  A rat (D:1)
12 creatures vanquished.

Notes
Turn   | Place    | Note
-------+----------+-------------------------------------------
     0 | D:1      | zxpr0jk the Demonspawn Chaos Knight began the quest for the
                  | Orb.
     0 | D:1      | Reached XP level 1. HP: 18/18 MP: 1/1
    90 | D:1      | Gained mutation: You are immune to miasma. [demonic
                  | ancestry]
    90 | D:1      | Reached XP level 2. HP: 23/24 MP: 2/2
   136 | D:1      | XOM: potion effect (brilliance)
   142 | D:1      | Slain by a gnoll

Illustrated notes

Levels and vault maps discovered:
D:1:      psy_arrival_whirlpool, layout_basic

Skill      XL: |  1 |
---------------+----+-----
Axes           | 3 |  3.2
Fighting       | |  3.2
Armour         | |  1.7
Dodging        | |  0.8

Action                   || total
-------------------------++-------
Melee: Hand axe          ||    32
  Use: Scroll            ||     1
       Potion            ||     1
Armor: Leather armour    ||     8
Dodge: Dodged            ||    14

Table legend: (Time is in decaauts)
 A = Elapsed time spent in this place.
 B = Non-inter-level travel time spent in this place.
 C = Inter-level travel time spent in this place.
 D = Time resting spent in this place.
 E = Time spent auto-exploring this place.
 F = Levels seen in this place.
 G = Mean time per level.
                   A        B        C        D        E       F      G
               +--------+--------+--------+--------+--------+-----+--------+
         Total |    148 |    148 |      0 |      0 |     80 |   1 |  148.0 |
       Dungeon |    148 |    148 |      0 |      0 |     80 |   1 |  148.0 |
               +--------+--------+--------+--------+--------+-----+--------+

Top non-repeatable levels by time:
     D:1: 148 daAuts
